Map: Orbital Shipyard

Players

YRKINGZ - Winner!

  • Race: Zerg Zerg

Miltreta

  • Race: Terran Terran
  • League: Bronze

VOD

Have the link to the VOD?

Description

Time

  • Played on: March 10, 2016, 3:27 p.m.
  • Length: 14:04
Show
View Real Time Build Order
Export as new Build Order

YRKINGZ Zerg - Winner!

Build Orders: Pool First, Muta Ling Bane 

Get SALT Encoding   

  12  0:11  Drone x2  
  14  0:17  Overlord  
  14  0:36  Spawning Pool  
  14  0:37  Drone  
  14  0:43  Extractor  
  14  0:44  Drone  
  14  0:57  Drone x2  
  16  1:11  Drone  
  16  1:17  Drone  
  18  1:30  Hatchery  
  18  1:32  Zergling x2  
  18  1:41  Queen  
  20  1:48  Metabolic Boost  
  20  1:58  Drone x2  
  22  2:08  Overlord  
  22  2:24  Baneling Nest  
  21  2:48  Drone x4  
  25  2:55  Zergling x8  
  29  3:01  Queen  
  29  3:05  Drone x2  
  33  3:13  Lair  
  33  3:19  Zergling x2  
  34  3:20  Zergling x2  
  35  3:35  Zergling x2  
  36  3:46  Evolution Chamber  
  36  3:47  Evolution Chamber  
  34  3:53  Baneling x3  
  34  4:06  Overlord x2  
  32  4:18  Baneling x2  
  32  4:19  Baneling  
  31  4:31  Zergling x2  
  31  4:32  Zergling x12  
  36  4:51  Zerg Melee Weapons Level 1  
  36  4:55  Drone  
  36  4:56  Drone x5  
  42  5:18  Extractor  
  41  5:21  Extractor  
  41  5:24  Drone x4  
  41  5:26  Zerg Ground Armor Level 1  
  41  5:28  Overlord x2  
  44  5:39  Overlord x2  
  44  5:44  Baneling x3  
  44  5:57  Drone x6  
  50  6:09  Drone  
  50  6:10  Drone  
  52  6:20  Spire  
  52  6:22  Drone  
  52  6:23  Drone x5  
  57  6:31  Queen  
  59  6:32  Queen  
  59  6:35  Overlord  
  59  6:36  Drone x3  
  64  6:49  Zergling x2  
  64  6:50  Zergling x2  
  66  6:56  Hatchery  
  65  7:07  Extractor  
  64  7:08  Drone  
  64  7:09  Drone x5  
  64  7:14  Zergling x4  
  64  7:15  Zergling x4  
  74  7:17  Zerg Melee Weapons Level 2  
  74  7:20  Zerg Ground Armor Level 2  
  74  7:22  Centrifical Hooks  
  74  7:30  Overlord  
  74  7:46  Zergling x2  
  74  7:47  Zergling x2  
  74  7:48  Overlord  
  74  7:49  Overlord, Mutalisk  
  78  7:53  Mutalisk  
  80  8:00  Overlord  
  80  8:25  Mutalisk x3  
  87  8:27  Zergling x8  
  87  8:33  Zergling x4  
  87  8:34  Zergling x2  
  93  8:55  Mutalisk  
  93  8:56  Mutalisk  
  93  8:58  Zergling x2  
  98  9:12  Overlord x2  
  98  9:31  Mutalisk x3  
  98  9:34  Zergling x14  
  111  9:40  Hatchery  
  111  9:45  Infestation Pit  
  109  10:00  Zergling x2, Drone  
  109  10:01  Drone x3  
  109  10:02  Overlord x4  
  109  10:03  Overlord  
  114  10:20  Overlord x2  
  106  11:07  Zergling x16  
  106  11:08  Zergling x6  
  117  11:12  Hive  
  117  11:16  Zergling x2  
  118  11:24  Drone  
  118  11:25  Drone x3  
  122  11:34  Extractor  
  122  11:38  Extractor  
  120  12:07  Baneling  
  120  12:08  Baneling x21  
  120  12:11  Mutalisk  
  120  12:12  Mutalisk x4  
  130  12:16  Zergling x2  
  130  12:17  Zergling x14  
  136  12:33  Mutalisk x3  
  136  12:35  Zergling x2  
  136  12:36  Zergling x16  
  151  12:42  Drone  
  126  13:07  Zergling x28  
  126  13:08  Zergling x8  
  144  13:13  Zergling x2  
Show
View Real Time Build Order
Export as new Build Order

Miltreta Terran 

Build Orders: Reaper Expand, MMM Bio 

Get SALT Encoding   

  12  0:01  SCV  
  13  0:14  SCV  
  14  0:23  Supply Depot  
  14  0:27  SCV  
  15  0:40  Refinery  
  15  0:45  SCV  
  15  0:46  Barracks  
  16  0:58  SCV  
  16  1:00  Supply Depot  
  17  1:16  SCV  
  18  1:32  Barracks  
  18  1:39  Orbital Command  
  18  1:40  Engineering Bay  
  18  1:58  Reaper  
  19  2:13  SCV  
  20  2:16  Refinery  
  20  2:26  SCV, Command Center  
  21  2:48  Marine  
  21  2:49  Marine  
  23  2:59  Terran Infantry Weapons Level 1  
  23  3:07  SCV  
  24  3:17  Marine  
  26  3:21  Barracks Tech Lab  
  25  3:45  Marine  
  24  3:51  Marine  
  24  3:54  Stimpack  
  25  4:01  Factory  
  25  4:02  SCV  
  26  4:08  Orbital Command  
  26  4:14  SCV  
  27  4:26  SCV  
  27  4:51  Marine x2  
  29  5:02  SCV  
  29  5:05  Refinery  
  30  5:14  SCV  
  30  5:17  Factory  
  30  5:19  Barracks Tech Lab  
  31  5:26  SCV  
  32  5:38  SCV  
  32  5:39  Marine  
  32  5:40  Marine  
  32  5:42  Combat Shields  
  35  5:45  Widow Mine  
  37  5:50  Terran Infantry Armor Level 1  
  37  5:55  Concussive Shells  
  37  6:01  Missile Turret  
  37  6:07  Missile Turret  
  37  6:13  Missile Turret  
  37  6:17  Factory Tech Lab  
  37  6:18  Factory Tech Lab  
  37  6:23  Armory  
  37  6:31  Missile Turret  
  37  6:51  Supply Depot, Marine x2  
  39  6:55  Siege Tank x2  
  39  6:59  Infernal Pre-Igniter  
  45  7:01  SCV  
  46  7:13  Marauder x2, SCV  
  51  7:25  Supply Depot  
  51  7:26  SCV  
  51  7:29  Supply Depot  
  52  7:30  Supply Depot x2  
  52  7:38  SCV  
  52  7:44  Terran Infantry Weapons Level 2  
  53  7:50  SCV  
  54  8:25  Supply Depot  
  54  8:31  Marauder x2  
  54  8:33  Hellion x2  
  62  8:54  Hellion  
  62  8:55  Hellion  
  66  8:57  Supply Depot, Command Center  
  66  8:58  Supply Depot  
  66  9:03  Supply Depot  
  66  9:06  Starport  
  66  9:14  Starport  
  66  9:18  Terran Vehicle Weapons Level 1  
  66  9:19  Factory  
  66  9:42  Supply Depot  
  66  9:59  Terran Infantry Armor Level 2  
  66  10:13  Starport Tech Lab  
  66  10:15  Starport Tech Lab  
  66  10:19  Marauder x2  
  70  10:23  Thor  
  70  10:47  Missile Turret  
  70  10:55  Viking x2  
  74  11:04  Refinery  
  74  11:06  SCV  
  74  11:07  SCV  
  76  11:13  Orbital Command  
  76  11:15  Marine, Refinery  
  76  11:16  Marine  
  78  11:25  Viking  
  80  11:26  Barracks  
  80  11:33  Marine  
  80  11:34  Marine  
  80  11:36  Starport  
  82  11:45  Siege Tank  
  85  11:49  Hellbat  
  85  11:50  Hellbat  
  85  11:51  Marine x2  
  85  11:52  Viking  
  30  13:27  Marine  
  30  13:28  Marine  
  27  13:36  Missile Turret  
Tags
 
Add a new tag
Caveats
  • Supply blocks, unpowered buildings, or Contaminate may cause inaccurate times.
  • Supply counts are checked every 10 seconds.